 Dungeon Crawl Stone Soup version 0.21-a0-51-gea492e9 (webtiles) character file.

256840 kuniqs the Dancer (level 20, 0/110 HPs)
             Began as a Vine Stalker Fighter on June 13, 2017.
             Was a Follower of Uskayaw.
             Killed from afar by a balrug (20 damage)
             ... with a fireball
             ... summoned by Asterion
             ... on level 1 of the Elven Halls.
             The game lasted 01:18:50 (33229 turns).

kuniqs the Dancer (Vine Stalker Fighter)           Turns: 33229, Time: 01:18:51

Health: 0/110      AC: 22    Str: 21    XL:     20   Next: 24%
Magic:  0/31       EV: 14    Int:  5    God:    Uskayaw [*.....]
Gold:   1088       SH: 20    Dex: 26    Spells: 19/19 levels left

rFire    . . .     SeeInvis +   o - +1 rapier of the Little People {protect, Int-3 Dex+6}
rCold    + . .     Gourm    +   v - +0 large shield
rNeg     + + .     Faith    .   C - +3 plate armour of Vifucso {rN+ Dex+4}
rPois    .         Spirit   +   r - +2 hat
rElec    +         Reflect  .   u - +0 cloak
rCorr    .         Harm     .   (no gloves)
MR       ++...                  (no boots)
Stlth    ..........             K - amulet of the gourmand
Regen    1.1/turn               Q - ring of see invisible
MPRegen  0.3/turn               L - ring of Bacuucs {rElec rC+ rN+ Str-5}

@: very slightly contaminated
A: fangs 3, regeneration 2, magic shield, antimagic bite, no potion heal 3, rot
immunity
}: 1/15 runes: serpentine
a: Stomp, Renounce Religion


You were on level 1 of the Elven Halls.
You worshipped Uskayaw.
Uskayaw was pleased with you.
You were completely stuffed.

You visited 8 branches of the dungeon, and saw 35 of its levels.
You also visited: Labyrinth and Ice Cave.

You collected 3183 gold pieces.
You spent 2095 gold pieces at shops.

Inventory:

Hand Weapons
 a - a +1 dagger of electrocution
 o - the +1 rapier of the Little People (weapon) {protect, Int-3 Dex+6}
   (You bought it in a shop on level 2 of the Orcish Mines)

   It protects the one who uses it against injury (+AC on strike).
   It affects your intelligence (-3).
   It affects your dexterity (+6).
Missiles
 F - 7 throwing nets (quivered)
Armour
 r - a +2 hat (worn)
 u - a +0 cloak (worn)
 v - a +0 large shield (worn)
 C - the +3 plate armour of Vifucso (worn) {rN+ Dex+4}
   (You found it on level 8 of the Dungeon)

   It affects your dexterity (+4).
   It protects you from negative energy.
Jewellery
 K - an amulet of the gourmand (around neck)
 L - the ring of Bacuucs (right hand) {rElec rC+ rN+ Str-5}
   (You bought it in a shop on level 9 of the Dungeon)

   [ring of protection from cold]

   It affects your strength (-5).
   It protects you from cold.
   It insulates you from electricity.
   It protects you from negative energy.
 N - an uncursed ring of magical power
 Q - a ring of see invisible (left hand)
 R - an uncursed ring of poison resistance
Wands
 b - a wand of digging (10/24)
 n - a wand of polymorph (10/24)
 B - a wand of polymorph (5/24)
 E - a wand of clouds (7/9)
 P - a wand of acid (3/15)
Scrolls
 c - 5 scrolls of remove curse {@r2}
 i - 11 scrolls of enchant armour
 j - 3 scrolls of recharging
 k - 7 scrolls of fear
 m - 3 scrolls of blinking
 p - 12 scrolls of teleportation
 q - 3 scrolls of silence
 t - 3 scrolls of noise
 w - 4 scrolls of magic mapping
 x - 3 scrolls of holy word
 y - 2 scrolls of enchant weapon
 G - 4 scrolls of immolation
 O - 5 scrolls of identify {@r1}
 S - 3 scrolls of fog
Potions
 h - 7 potions of curing {@q1}
 l - 5 potions of haste
 s - a potion of berserk rage
 z - 3 potions of flight
 A - 3 potions of might
 D - 6 potions of agility
 H - 3 potions of cancellation
 I - 2 potions of mutation
 J - 5 potions of resistance
 M - a potion of invisibility
Comestibles
 d - 18 bread rations
 e - 18 meat rations
 f - 44 fruits
 g - 14 royal jellies
 T - 37 chunks of flesh


   Skills:
 + Level 13.9 Fighting
 + Level 13.7 Short Blades
 + Level 12.9 Armour
 + Level 12.6 Dodging
 + Level 13.7 Shields
 + Level 14.3 Invocations


You had 19 spell levels left.
You didn't know any spells.

Dungeon Overview and Level Annotations

Branches:
Dungeon (15/15)            Temple (1/1) D:5            Lair (6/6) D:9
 Shoals (4/4) Lair:3        Snake (4/4) Lair:2        Slime (0/5) Lair:5
    Orc (2/2) D:10            Elf (1/3) Orc:2        Vaults (2/5) D:14
  Crypt: Vaults:2-3  Depths: D:15

Altars:
Ashenzari
Dithmenos
Elyvilon
Fedhas
Gozag
Makhleb
Okawaru
Qazlal
Sif Muna
Trog
Uskayaw
Vehumet
Xom
Yredelemnul
Zin

Shops:
D:9 ***   Orc:2 }(!!*   Shoals:3 !   Snake:4 =

Portals:
Pandemonium: Orc:2

Annotations:
D:2 1 runed door
Lair:3 exclusion: oklob plant
Lair:4 exclusion: 2 oklob plants
Shoals:3 exclusion: downstairs
Shoals:4 Ilsuiw
Elf:1 Asterion


Innate Abilities, Weirdness & Mutations

You have razor-sharp teeth.
You heal very quickly.
When hurt, damage is shared between your health and your magic reserves.
Your bite disrupts and absorbs the magic of your enemies.
Potions cannot restore your health.
You are immune to rotting.


Message History

Asterion blocks your attack.
You bite Asterion. You drain his power.
You feel invigorated.
You feel sick.
Asterion hits you with a demon trident of venom!!
* * * LOW HITPOINT WARNING * * *
You are more poisoned.
You block Asterion's attack.
You feel very sick.
Asterion hits you from afar with a demon trident of venom!!
* * * LOW HITPOINT WARNING * * *
The balrug gestures at you. The sticky flame misses you.
Okay, then.
Your system rejects the healing.
You feel better. You block Asterion's attack.
Blink to where?
You are very lightly contaminated with residual magic.
As you read the scroll of blinking, it crumbles to dust.
There is a stone staircase leading down here.
The balrug gestures at you.
The fireball explodes!
The fireball engulfs you!
You die...

###...## #.# #.#
#..(##(## #.##.#
.....##.###.#.###
......##))..)...##
.......((((......#
....(.#))).(.....#
.....##..........#
#...###..........#
#######......H..@#
#.......2..##
#..####.##### #.!#
#.#
...######2######..
.
........H.........
..
....##H######....
. #.#...# . ..#
....#


You could see Asterion and a balrug.

Vanquished Creatures
  Vashnia (Snake:4)
  Jorgrun (Shoals:2)
  The ghost of Kenran the Fencer, an adept KoBe of Trog (Snake:4)
  Polyphemus (Shoals:3)
  Gastronok (D:9)
  Frances (Shoals:1)
  2 krakens
  Kirke (Lair:5)
  8 nagarajas
  2 vault wardens (Vaults:1)
  2 deep elf sorcerers
  Aizul (Shoals:3)
  2 ironheart preservers
  A deep elf annihilator (Vaults:1)
  Azrael (Snake:1)
  4 merfolk impalers
  A minotaur (Lab)
  Josephine (D:10)
  A merfolk javelineer (Shoals:2)
  A great orb of eyes (Vaults:2)
  15 naga warriors
  An ice dragon (Vaults:2)
  A rakshasa (Vaults:2)
  4 hydras
  2 catoblepae
  3 yaktaur captains
  3 merfolk avatars
  Erica (D:9)
  8 vault guards (D:14)
  3 centaur warriors
  An alligator snapping turtle (Shoals:3)
  11 anacondas
  15 two-headed ogres
  2 merfolk aquamancers
  15 death yaks
  2 ogre magi (Vaults:2)
  A dancing weapon (Elf:1)
  20 naga sharpshooters
  6 orc high priests
  Urug (D:12)
  8 shock serpents
  A soul eater (Orc:2)
  Nergalle (D:11)
  9 deep elf knights
  12 skeletal warriors
  4 salamander mystics (Snake:4)
  A sixfirhy (Orc:2)
  3 unseen horrors
  A gelid demonspawn (Orc:2)
  10 sea snakes
  5 deep trolls (Vaults:2)
  9 naga ritualists
  3 ironbrand convokers
  A lindwurm (Lair:6)
  A phantasmal warrior (Vaults:2)
  6 deep elf archers
  A necromancer (IceCv)
  20 deep elf magi
  7 orc knights
  2 wizards
  4 mana vipers
  20 harpies
  8 orc sorcerers
  9 manticores
  8 ugly things
  A wolf spider (Vaults:1)
  6 fauns
  11 salamanders
  2 cyclopes
  36 black mambas
  4 merfolk sirens
  19 naga magi
  2 ice statues (IceCv)
  14 elephants
  Joseph (D:9)
  3 centaur zombies
  6 water nymphs
  11 guardian serpents
  Psyche (D:8)
  2 smoke demons (Orc:2)
  12 spiny frogs
  An orange demon (Orc:2)
  5 vault sentinels
  4 gargoyles
  A torpor snail (Lair:5)
  3 rime drakes
  A komodo dragon (shapeshifter) (Vaults:2)
  9 ice devils
  13 yaktaurs
  2 freezing wraiths
  13 komodo dragons
  A queen bee (shapeshifter) (Vaults:1)
  5 trolls
  2 polar bears
  14 merfolk
  3 hornets (Lair:6)
  9 hippogriffs
  A wind drake (Shoals:1)
  14 blink frogs
  8 slime creatures
  5 snapping turtles
  9 dream sheep
  A spriggan (shapeshifter) (D:14)
  A vampire (D:14)
  2 shadows
  29 yaks
  5 wyverns
  8 water elementals
  A hungry ghost (D:9)
  7 basilisks
  A human (D:8)
  6 wraiths (D:10)
  4 fire elementals
  6 hogs
  65 nagas
  2 wargs
  2 acid dragons
  Menkaure (D:5)
  2 soldier ants
  6 hell hounds (Snake:1)
  12 water moccasins
  8 porcupines
  11 ice beasts
  42 orc warriors
  6 sky beasts
  4 phantoms
  A black bear (D:9)
  An eye of draining (D:13)
  18 ogres
  13 wolves
  4 centaurs
  17 crocodiles
  3 big kobolds
  16 bullfrogs
  2 earth elementals (Elf:1)
  8 scorpions
  A wyvern skeleton (D:12)
  A human simulacrum (Vaults:2)
  13 killer bees
  4 electric eels
  6 crimson imps
  A draconian simulacrum (IceCv)
  A quasit (D:7)
  30 orc priests
  6 hounds
  A bullfrog zombie (D:13)
  6 jellies
  2 bullfrog skeletons
  5 centaur skeletons
  17 orc wizards
  4 hell rats (Lair:5)
  4 iguanas
  A spriggan simulacrum (IceCv)
  15 worker ants
  5 troll simulacra (IceCv)
  A killer bee zombie (D:6)
  2 centaur simulacra (IceCv)
  A hound zombie (D:9)
  Robin (D:2)
  6 gnolls
  10 adders
  A naga simulacrum (IceCv)
  4 shadow imps
  An ooze (D:4)
  An adder skeleton (D:5)
  2 worms
  6 dart slugs
  8 leopard geckos
  64 orcs
  3 ball pythons
  3 giant cockroaches
  10 goblins
  9 hobgoblins
  10 jackals
  20 kobolds
  A quokka (D:7)
  A ball python skeleton (D:4)
  8 bats
  3 frilled lizards
  A quokka skeleton (D:6)
  A quokka zombie (D:5)
  10 rats
  A butterfly (Lair:5)
  A plant (Lair:5)
  9 tentacles
1194 creatures vanquished.

Vanquished Creatures (others)
  5 fungi
  6 plants (Lair:6)
  23 tentacles
34 creatures vanquished.

Grand Total: 1228 creatures vanquished

Notes
Turn   | Place    | Note
-------+----------+-------------------------------------------
     0 | D:1      | kuniqs the Vine Stalker Fighter began the quest for the Orb.
     0 | D:1      | Reached XP level 1. HP: 11/11 MP: 2/2
   123 | D:1      | Reached XP level 2. HP: 15/16 MP: 1/3
   563 | D:2      | Reached XP level 3. HP: 20/20 MP: 4/4
   680 | D:2      | Reached skill level 1 in Dodging
   918 | D:2      | Gained mutation: Your natural rate of healing is unusually fast. [Vine Stalker growth]
   918 | D:2      | Reached XP level 4. HP: 21/24 MP: 5/5
  1037 | D:2      | Noticed Robin
  1083 | D:2      | Killed Robin
  1239 | D:2      | Found a runed door.
  1407 | D:3      | Noticed an ogre
  1416 | D:3      | Killed an ogre
  1416 | D:3      | Reached XP level 5. HP: 28/28 MP: 6/6
  1674 | D:3      | Found a faded altar of an unknown god.
  1708 | D:3      | Reached XP level 6. HP: 32/32 MP: 5/7
  2251 | D:4      | Got a slimy robe
  2278 | D:4      | Reached XP level 7. HP: 26/37 MP: 8/8
  2334 | D:4      | Identified the +2 robe of the Planets {rElec rN+ MR- rCorr} (You found it on level 4 of the Dungeon)
  3220 | D:5      | Entered Level 5 of the Dungeon
  3472 | D:5      | Gained mutation: You have razor-sharp teeth. [Vine Stalker growth]
  3472 | D:5      | Reached XP level 8. HP: 42/42 MP: 9/9
  3698 | D:5      | Found a staircase to the Ecumenical Temple.
  3752 | Temple   | Entered the Ecumenical Temple
  3776 | Temple   | Became a worshipper of Uskayaw the Reveler
  3850 | D:6      | Reached * piety under Uskayaw
  3872 | D:6      | Reached ** piety under Uskayaw
  3904 | D:6      | Got a pair of distressingly furry boots
  3910 | D:6      | Identified the cursed +0 pair of boots "Couzoiro" {*Corrode rElec rPois Dex+8} (You found it on level 6 of the Dungeon)
  3954 | D:6      | Found a shattered altar of Ashenzari.
  4001 | D:6      | Reached skill level 1 in Invocations
  4010 | D:5      | Noticed Menkaure
  4016 | D:5      | Killed Menkaure
  4016 | D:5      | Reached skill level 5 in Shields
  4017 | D:5      | Reached *** piety under Uskayaw
  4018 | D:5      | Reached skill level 5 in Fighting
  4019 | D:5      | Reached **** piety under Uskayaw
  4161 | D:6      | Reached skill level 2 in Invocations
  4219 | D:5      | Reached XP level 9. HP: 47/47 MP: 11/11
  4611 | D:6      | Reached skill level 3 in Invocations
  4789 | D:7      | Reached ***** piety under Uskayaw
  4895 | D:7      | Reached skill level 5 in Short Blades
  4895 | D:7      | Reached skill level 5 in Armour
  5267 | D:7      | Reached skill level 4 in Invocations
  5422 | D:7      | Reached XP level 10. HP: 53/53 MP: 14/14
  5581 | D:8      | Reached skill level 5 in Dodging
  5586 | D:8      | Reached skill level 5 in Invocations
  5714 | D:8      | Got a slimy plate armour
  5725 | D:8      | Identified the +3 plate armour of Vifucso {rN+ Dex+4} (You found it on level 8 of the Dungeon)
  5871 | D:8      | Noticed Psyche
  5879 | D:8      | Killed Psyche
  6040 | D:8      | Noticed a two-headed ogre
  6051 | D:8      | Killed a two-headed ogre
  6051 | D:8      | Reached XP level 11. HP: 45/58 MP: 12/16
  6335 | D:9      | Noticed Gastronok
  6361 | D:9      | Killed Gastronok
  6361 | D:9      | Reached skill level 6 in Invocations
  6423 | D:9      | Noticed Joseph
  6443 | D:9      | Killed Joseph
  6559 | D:9      | Noticed Erica
  6570 | D:9      | Noticed a two-headed ogre
  6577 | D:9      | Killed Erica
  6585 | D:9      | Killed a two-headed ogre
  6642 | D:9      | Found Diremoam's General Store.
  6649 | D:9      | Bought a +2 rapier of protection for 218 gold pieces
  6660 | D:9      | Found Jeheduu's Assorted Antiques.
  6668 | D:9      | Bought 3 scrolls labeled LUFAEM ROXKOO for 93 gold pieces
  6759 | D:9      | Found Zujoshu's Assorted Antiques.
  6776 | D:9      | Found a staircase to the Lair.
  6857 | D:9      | Found a white marble altar of Elyvilon.
  6983 | D:10     | Entered Level 10 of the Dungeon
  7186 | D:10     | Found a staircase to the Orcish Mines.
  7335 | D:10     | Noticed a cyclops
  7352 | D:10     | Noticed Josephine
  7353 | D:10     | Reached ****** piety under Uskayaw
  7356 | D:10     | Killed a cyclops
  7358 | D:10     | Killed Josephine
  7358 | D:10     | Reached skill level 7 in Invocations
  7358 | D:10     | Gained mutation: You heal very quickly. [Vine Stalker growth]
  7358 | D:10     | Reached XP level 12. HP: 40/64 MP: 18/18
  7725 | D:10     | Noticed a two-headed ogre
  7748 | D:10     | Killed a two-headed ogre
  8025 | D:11     | Noticed Nergalle
  8106 | D:11     | Noticed a two-headed ogre
  8115 | D:11     | Killed a two-headed ogre
  8247 | D:11     | Killed Nergalle
  8348 | D:11     | Noticed an eight-headed hydra
  8357 | D:11     | Killed an eight-headed hydra
  8570 | Lair:1   | Entered Level 1 of the Lair of Beasts
  9256 | Lair:2   | Reached skill level 8 in Invocations
  9393 | Lair:2   | Found a labyrinth entrance.
  9417 | Lab      | Entered a labyrinth
  9846 | Lab      | Noticed a minotaur
  9891 | Lab      | Killed a minotaur
  9891 | Lab      | Reached XP level 13. HP: 34/69 MP: 9/20
  9954 | Lab      | Identified the Compendium of Feathers
 10253 | Lair:2   | Found a staircase to the Snake Pit.
 10754 | Lair:3   | Found a blossoming altar of Fedhas.
 10942 | Lair:3   | Found a staircase to the Shoals.
 12387 | Lair:5   | Found a frozen archway.
 12411 | Lair:5   | Found a staircase to the Slime Pits.
 12425 | IceCv    | Entered an ice cave
 12808 | IceCv    | Got encrusted storm dragon scales
 12830 | IceCv    | Identified the +0 storm dragon scales "Jaidisif" {rElec rC+} (You found it in an ice cave)
 12935 | Lair:5   | Reached skill level 9 in Invocations
 13393 | Lair:5   | Reached XP level 14. HP: 75/75 MP: 21/21
 14233 | Lair:6   | Entered Level 6 of the Lair of Beasts
 14233 | Lair:6   | Noticed Kirke
 14266 | Lair:5   | Killed Kirke
 14266 | Lair:5   | Reached skill level 10 in Shields
 14449 | Lair:6   | Reached skill level 10 in Fighting
 14844 | Lair:6   | Reached skill level 10 in Short Blades
 14939 | Lair:6   | Reached skill level 10 in Invocations
 15114 | Lair:6   | Reached XP level 15. HP: 62/81 MP: 23/23
 15887 | D:9      | Bought a clouded wooden ring for 150 gold pieces
 15887 | D:9      | Bought a jade ring for 150 gold pieces
 15902 | D:9      | Identified the ring of Bacuucs {rElec rC+ rN+ Str-5} (You bought it in a shop on level 9 of the Dungeon)
 15980 | D:9      | Bought a runed short sword for 186 gold pieces
 16033 | Orc:1    | Entered Level 1 of the Orcish Mines
 16140 | Orc:2    | Entered Level 2 of the Orcish Mines
 16479 | Orc:2    | Found Dazobox's Assorted Antiques.
 16493 | Orc:2    | Bought a scroll labeled COEGGINUYS for 29 gold pieces
 16719 | Orc:2    | Found a bloodstained altar of Trog.
 16893 | Orc:2    | Found a staircase to the Elven Halls.
 16983 | Orc:2    | Reached skill level 10 in Armour
 16992 | Orc:2    | Found Syih's Distillery.
 16994 | Orc:2    | Found Ilecaer's Distillery.
 17116 | Orc:2    | Bought a potion of agility for 48 gold pieces
 17494 | Orc:2    | Paralysed by an orc sorcerer for 3 turns
 17559 | Orc:2    | Found Fokoagaok's Antique Weapon Emporium.
 17559 | Orc:2    | Found a one-way gate leading to the halls of Pandemonium.
 17559 | Orc:2    | Found Foxzif's Gadget Shoppe.
 17584 | Orc:2    | Bought an ivory rapier for 261 gold pieces
 17586 | Orc:2    | Identified the cursed +1 rapier of the Little People {protect, Int-3 Dex+6} (You bought it in a shop on level 2 of the Orcish Mines)
 17931 | D:12     | Found a shimmering altar of Xom.
 18012 | D:12     | Noticed Urug
 18033 | D:12     | Killed Urug
 18750 | D:13     | Reached skill level 11 in Invocations
 19121 | D:13     | Reached XP level 16. HP: 59/87 MP: 21/25
 19138 | D:13     | Reached skill level 10 in Dodging
 19799 | D:14     | Found a gate to the Vaults.
 20515 | D:15     | Entered Level 15 of the Dungeon
 20541 | D:15     | Found a stormy altar of Qazlal.
 20902 | Snake:1  | Entered Level 1 of the Snake Pit
 21080 | Snake:1  | Noticed Azrael
 21092 | Snake:1  | Killed Azrael
 22262 | Snake:2  | Reached XP level 17. HP: 88/93 MP: 26/26
 22467 | Snake:2  | Reached skill level 12 in Invocations
 23633 | Snake:4  | Entered Level 4 of the Snake Pit
 23651 | Snake:4  | Found Biokhug's Jewellery Shoppe.
 23699 | Snake:4  | Bought an uncursed ring of poison resistance for 440 gold pieces
 23859 | Snake:4  | Noticed Kenran's ghost (adept KoBe)
 24154 | Shoals:1 | Entered Level 1 of the Shoals
 24838 | Shoals:1 | Noticed a kraken
 24991 | Shoals:1 | Killed a kraken
 25128 | Shoals:2 | Noticed Jorgrun
 25130 | Shoals:2 | Noticed Polyphemus
 25207 | Shoals:2 | Noticed Frances
 25299 | Shoals:1 | Killed Frances
 25367 | Shoals:3 | HP: 4/94 [poisoned by a sea snake]
 25372 | Shoals:3 | HP: 3/94 [poisoned by a sea snake]
 25377 | Shoals:3 | HP: 3/94 [poisoned by a sea snake]
 25665 | Shoals:2 | Reached XP level 18. HP: 94/99 MP: 28/28
 25879 | Shoals:4 | Entered Level 4 of the Shoals
 25975 | Shoals:3 | Noticed Aizul
 25986 | Shoals:3 | Killed Aizul
 26092 | Shoals:3 | Found Ciosuoz's Distillery.
 26111 | Shoals:3 | Bought a potion of invisibility for 104 gold pieces
 26178 | Shoals:4 | Noticed Ilsuiw
 26836 | Shoals:3 | Killed Polyphemus
 27023 | Shoals:2 | Reached skill level 13 in Invocations
 27080 | Shoals:2 | Killed Jorgrun
 27898 | D:9      | Bought a wand of digging (12/24) for 416 gold pieces
 28744 | Snake:4  | Killed Kenran's ghost
 29713 | Snake:4  | Noticed Vashnia
 29746 | Snake:4  | Killed Vashnia
 29746 | Snake:4  | Reached XP level 19. HP: 57/104 MP: 30/30
 30400 | Snake:4  | Got a serpentine rune of Zot
 30824 | Vaults:1 | Entered Level 1 of the Vaults
 31772 | Vaults:2 | Reached skill level 14 in Invocations
 32260 | Vaults:2 | Reached XP level 20. HP: 78/110 MP: 31/31
 32854 | Elf:1    | Entered Level 1 of the Elven Halls
 33192 | Elf:1    | Noticed Asterion
 33229 | Elf:1    | Killed from afar by a balrug

Vault maps used:
D:1:      minmay_arrival_diagonal_passages
D:2:      uniq_crazy_yiuf_cottage, uniq_robin
D:3:      chequers_ecumenical_altar_twisty
D:5:      minmay_temple_entry_enclosed_plants, first_bread, grunt_ministairs_14,
          uniq_menkaure
D:6:      evilmike_ruin_ashenzari
D:7:      serial_bayou_crossing
D:8:      grunt_livestock, uniq_psyche
D:9:      kennysheep_mini, lair_entry_dummy, serial_shops, shop,
          nicolae_shop_trees, nicolae_shop_waterfront, uniq_erica,
          uniq_gastronok, uniq_joseph
D:10:     david_orc_2, uniq_josephine
D:11:     uniq_nergalle
D:12:     basic_altar, serial_bayou_pond_a, uniq_urug
D:14:     erik_vaults_2
D:15:     grunt_enter_depths_hoard, minmay_strange_pillars,
          nicolae_qazlal_style_of_elements
Temple:   regret_index_temple_sigil_plot
Lair:1:   st_stairs_12
Lair:2:   guppyfry_snake_entry_island, lab_entry_generic
Lair:3:   shoals_dummy_entry, tgw_fedhas, serial_bayou_shore_b
Lair:4:   grunt_megastairs_4, infiniplex_staircase_pool_2,
          minmay_lair_oklob_chamber, lemuel_fruit_fields
Lair:5:   slime_dummy, portal_ice_cave_entry_ice_beasts, grunt_megastairs_5,
          wad_woods_river_01, lemuel_fruit_tree
Lair:6:   gammafunk_lair_ancient_temple, uniq_kirke
Shoals:2: uniq_polyphemus, uniq_jorgrun, uniq_frances
Shoals:3: serial_shops, shop, uniq_aizul
Shoals:4: shoals_end_grunt_ice, shoals_ilsuiw_ice, serial_shops,
          nicolae_shop_waterfront
Snake:1:  uniq_azrael
Snake:4:  johnstein_snake_rune_scales, serial_shops, shop
Orc:2:    pf_orc_diabolical, serial_shops, nicolae_shop_overgrown_old_shop,
          trog_book
Elf:1:    eino_elf_arrival_customs, hangedman_elven_crosses_minicolossus,
          grunt_megastairs_2, uniq_asterion, uniq_agnes
Vaults:1: vaults_room_semicircle, ontoclasm_vaults_idyll, grunt_vaults_swirl,
          nicolae_vaults_theta, hangedman_vaults_hat, ontoclasm_vaults_twist,
          nicolae_vaults_little_squares_4, hangedman_vaults_river_flow,
          v_alt_pattern_2, vaults_room_fours, vaults_room_semicircle,
          nicolae_vaults_little_squares_5, vaults_room_corners,
          nicolae_vaults_little_squares_2
Vaults:2: vaults_mumra_hexcomb, serial_ice_b, st_quartered_hall,
          vaults_room_grid, nicolae_vaults_shelves_hall, v_misc_12
Lab:      labyrinth_spiral, nicolae_lab_grate, nicolae_lab_statue
IceCv:    ice_cave_tombish

Skill      XL: |  1  2  3  4  5  6  7  8  9 10 11 12 13 14 15 16 17 18 19 |
---------------+----------------------------------------------------------+-----
Fighting       | 3 4 5 6 7 8 9 10 11 12 13 | 13.9
Dodging        | 1 2 3 4 5 6 7 8 9 10 11 12 | 12.6
Shields        | 3 4 5 6 7 8 9 10 11 12 13 | 13.7
Short Blades   | 2 3 4 5 6 7 8 9 10 11 12 13 | 13.7
Armour         | 3 4 5 6 7 8 9 10 11 12 | 12.9
Invocations    | 2 4 5 7 8 9 10 11 12 13 14 | 14.3

Action                   |  1- 3 |  4- 6 |  7- 9 | 10-12 | 13-15 | 16-18 | 19-21 || total
-------------------------+-------+-------+-------+-------+-------+-------+-------++-------
Melee: Rapier            |    88 |   152 |   103 |   381 |  1314 |  2238 |   945 ||  5221
       Bite              |    25 |    42 |   207 |   367 |  1129 |  1282 |   564 ||  3616
       Dagger            |       |       |   217 |       |   462 |    45 |       ||   724
       Short sword       |       |       |    58 |   203 |       |       |       ||   261
Throw: Javelin           |     2 |     9 |       |     1 |       |       |       ||    12
       Throwing net      |       |     1 |       |       |       |       |       ||     1
Invok: Grand Finale      |       |       |       |       |     2 |     2 |     6 ||    10
       Stomp             |       |       |       |       |       |     2 |       ||     2
       Line Pass         |       |       |       |       |       |     2 |       ||     2
Evoke: Wand              |       |       |       |     7 |     4 |    11 |       ||    22
  Use: Scroll            |       |     4 |     6 |     9 |    13 |     9 |     1 ||    42
       Potion            |       |     2 |       |     3 |     1 |     3 |     1 ||    10
 Stab: Paralysed         |       |       |     8 |    41 |   116 |   147 |    61 ||   373
       Confused          |       |       |       |     2 |     4 |       |       ||     6
  Eat: Chunk             |       |     5 |    10 |    31 |    34 |    38 |    21 ||   139
Armor: Scale mail        |    30 |    58 |    71 |       |       |       |       ||   159
       Plate armour      |       |       |    29 |   206 |   300 |   541 |   161 ||  1237
       Storm dragon scal |       |       |       |       |   220 |       |       ||   220
Dodge: Dodged            |    13 |    45 |    63 |   121 |   349 |   423 |   181 ||  1195
Block: Shield            |    39 |    53 |       |       |       |       |       ||    92
       Large shield      |       |    23 |   245 |   442 |  1216 |  1467 |   567 ||  3960
